 Dungeon Crawl Stone Soup version 0.19.4-8-ga85b6b9 (webtiles) character file.

44 esteth the Sneak (level 3, 0/16 HPs)
             Began as a Spriggan Enchanter on Feb 14, 2017.
             Slain by a goblin
             ... wielding a +0 club
             ... led by Robin
              (3 damage)
             ... on level 2 of the Dungeon.
             The game lasted 00:03:44 (1582 turns).

esteth the Sneak (Spriggan Enchanter)               Turns: 1582, Time: 00:03:45

Health: 0/16       AC:  4    Str:  4    XL:     3   Next: 41%
Magic:  8/8        EV: 18    Int: 17    God:
Gold:   137        SH:  0    Dex: 16    Spells: 2 memorised, 4 levels left

rFire  + . .     SeeInvis +     a - +2 dagger
rCold  . . .     Gourm    .     b - +2 robe
rNeg   + . .     Faith    .     (shield restricted)
rPois  .         Spirit   .     (helmet restricted)
rElec  .         Reflect  .     (no cloak)
rCorr  .         Harm     .     (gloves unavailable)
MR     .....                    (boots unavailable)
Stlth  +++.......               (no amulet)
                                k - ring of positive energy
                                j - ring of protection from fire

@: very quick
A: unfitting armour, see invisible, herbivore 3, speed 3, slow metabolism 2
a: no special abilities


You were on level 2 of the Dungeon.
You were not hungry.

You visited 1 branch of the dungeon, and saw 2 of its levels.

You collected 137 gold pieces.

Inventory:

Hand Weapons
 a - a +2 dagger (weapon)
Armour
 b - a +2 robe (worn)
Jewellery
 j - a ring of protection from fire (left hand)
 k - a ring of positive energy (right hand)
Scrolls
 m - a scroll of blinking
Potions
 e - a potion of curing
 f - a potion of brilliance {unknown}
 g - a potion of might {unknown}
 i - a potion of heal wounds {unknown}
 l - a potion of invisibility {unknown}
Books
 c - a book of Maledictions

   Spells                             Type                      Level
   a - Corona                         Hexes                        1
   b - Ensorcelled Hibernation        Hexes/Ice                    2
   c - Confuse                        Hexes                        3
   d - Tukima's Dance                 Hexes                        3
   e - Dazzling Spray                 Conjuration/Hexes            3
Comestibles
 d - a bread ration
 h - 2 fruits


   Skills:
 - Level 1.1 Short Blades
 - Level 3.0 Dodging
 - Level 5.8 Stealth
 - Level 2.6 Spellcasting
 - Level 3.6 Hexes
 + Level 1.6 Ice Magic


You had 4 spell levels left.
You knew the following spells:

 Your Spells              Type           Power        Failure   Level  Hunger
a - Corona                Hex            ##.....      4%          1    #......
b - Ensorcelled Hibernat  Hex/Ice        ##....       12%         2    ##.....


Dungeon Overview and Level Annotations

Branches:
Dungeon (2/15)

Altars:
Trog

Annotations:
D:2 Robin


Innate Abilities, Weirdness & Mutations

You are very small and have problems with some larger weapons.
You are too small for most types of armour.
You have supernaturally acute eyesight. (SInv)
You are a herbivore.
You cover ground extremely quickly.
You need consume almost no food.


Message History

You barely miss the goblin.
The goblin is heavily wounded.
The goblin completely misses you. The goblin barely misses you.
The goblin hits you. The goblin hits you with a club.
* * * LOW HITPOINT WARNING * * *
You closely miss the goblin.
The goblin is heavily wounded.
The goblin closely misses you. x2; The goblin barely misses you.
You barely miss the goblin.
The goblin is heavily wounded.
The goblin completely misses you. The goblin barely misses you. x2
You hit the goblin.
The goblin is almost dead.
The goblin barely misses you.
The goblin hits you but does no damage. x2
You barely miss the goblin.
The goblin is almost dead.
The goblin hits you.
* * * LOW HITPOINT WARNING * * *
The goblin hits you with a club.
You die...

#.........†....#.#####
#.#####.#####..#.#
#.##.†...# #..#.######
#........####..........
#.##.#.........#.######
#.##.#.#.####.####
#.##.....# #.#
#<####g### #.#
#.####@######.#########
#....gggg.........†....
#.##..gg.##############
#.##.....#
#......<.####
#...........#
#.##.....##.##
#.#####.##...##########
#.# #.#..#..........#


You could see Robin, a hobgoblin and 5 goblins.

Vanquished Creatures
  An adder (D:2)
  An ooze (D:2)
  A dart slug (D:2)
  3 giant cockroaches (D:2)
  3 goblins
  3 hobgoblins
  8 kobolds
  3 bats
  2 frilled lizards (D:2)
  3 rats
28 creatures vanquished.

Notes
Turn   | Place    | Note
-------+----------+-------------------------------------------
     0 | D:1      | esteth the Spriggan Enchanter began the quest for the Orb.
     0 | D:1      | Reached XP level 1. HP: 9/9 MP: 5/5
   190 | D:1      | Reached skill level 5 in Stealth
   542 | D:1      | Reached XP level 2. HP: 13/13 MP: 6/6
   861 | D:2      | Learned a level 2 spell: Ensorcelled Hibernation
   975 | D:2      | Noticed Robin
  1001 | D:2      | Found a bloodstained altar of Trog.
  1021 | D:2      | Reached skill level 1 in Ice Magic
  1021 | D:2      | Reached XP level 3. HP: 7/16 MP: 8/8
  1582 | D:2      | Slain by a goblin

Skill      XL: |  1  2 |
---------------+-------+-----
Stealth        | 5 |  5.8
Ice Magic      | 1 |  1.6
Short Blades   | |  1.1
Dodging        | |  3.0
Spellcasting   | |  2.6
Hexes          | |  3.6

Action                   || total
-------------------------++-------
Melee: Dagger            ||    97
 Cast: Ensorcelled Hiber ||     1
  Use: Scroll            ||     7
 Stab: Sleeping          ||    13
Armor: Robe              ||    13
Dodge: Dodged            ||    71
